 Dungeon Crawl Stone Soup version 0.22-a0-136-g83a10e5 (webtiles) character file.

457 sankara the Grave Robber (level 6, 0/41 HPs)
             Began as a Demonspawn Necromancer on Feb 1, 2018.
             Slain by an orc
             ... wielding a +0 trident
              (9 damage)
             ... on level 5 of the Dungeon on Feb 2, 2018.
             The game lasted 00:24:46 (5599 turns).

sankara the Grave Robber (Demonspawn Necromancer)   Turns: 5599, Time: 00:24:47

Health: 0/41       AC:  4    Str:  9    XL:     6   Next: 77%
Magic:  6/13       EV: 12    Int: 16    God:
Gold:   169        SH:  0    Dex: 15    Spells: 2/14 levels left

rFire    . . .     SeeInvis .   a - +1 short sword (vamp)
rCold    . . .     Gourm    .   (no shield)
rNeg     . . .     Faith    .   v - +0 robe (curse)
rPois    .         Spirit   .   (helmet restricted)
rElec    .         Reflect  .   (no cloak)
rCorr    .         Harm     .   (no gloves)
MR       +....                  (no boots)
Stlth    ++........             (no amulet)
HPRegen  0.13/turn              f - ring of protection from magic
MPRegen  0.13/turn              u - +2 ring of protection

@: very slightly contaminated
A: antennae 1
a: no special abilities


You were on level 5 of the Dungeon.
You were not hungry.

You visited 1 branch of the dungeon, and saw 5 of its levels.

You collected 169 gold pieces.

Inventory:

Hand Weapons
 a - a +1 vampiric short sword (weapon)
 b - a +0 hunting sling
 w - a +0 dagger
 E - a +0 whip
Missiles
 j - 176 stones
 r - 10 sling bullets
 x - 2 needles of confusion
 G - 7 tomahawks (quivered)
Armour
 k - a +0 robe
 v - a cursed +0 robe (worn)
Jewellery
 f - a ring of protection from magic (left hand)
 u - a +2 ring of protection (right hand)
 J - a +2 ring of strength
Wands
 F - a wand of disintegration (10)
Scrolls
 d - 5 scrolls of remove curse {unknown}
 l - 2 scrolls of amnesia {unknown}
 n - a scroll of random uselessness {unknown}
 o - 4 scrolls of identify {unknown}
 p - a scroll of enchant weapon {unknown}
 s - a scroll of immolation {unknown}
 y - a scroll of magic mapping {unknown}
 z - a scroll of noise {unknown}
 C - a scroll of teleportation {unknown}
 D - a scroll of fog {unknown}
Potions
 e - 2 potions of agility {unknown}
 g - a potion of curing {unknown}
 h - a potion of lignification {unknown}
 i - a potion of cancellation {unknown}
 q - a potion of experience {unknown}
 t - a potion of heal wounds {unknown}
 A - 2 potions of brilliance {unknown}
 B - a potion of might {unknown}
 I - a potion of flight {unknown}
Books
 m - a book of Necromancy

   Spells                             Type                      Level
   a - Pain                           Necromancy                   1
   b - Animate Skeleton               Necromancy                   1
   c - Vampiric Draining              Necromancy                   3
   d - Regeneration                   Charms/Necromancy            3
   e - Animate Dead                   Necromancy                   4
Comestibles
 c - a ration


   Skills:
 - Level 1.7 Dodging
 - Level 1.7 Stealth
 + Level 4.9 Spellcasting
 + Level 7.1 Necromancy


You had 2 spell levels left.
You knew the following spells:

 Your Spells              Type           Power        Failure   Level  Hunger
a - Pain                  Necr           ####         1%          1    None
b - Animate Skeleton      Necr           N/A          1%          1    None
c - Vampiric Draining     Necr           ####......   2%          3    ###....
d - Regeneration          Chrm/Necr      ###.......   11%         3    ###....
e - Animate Dead          Necr           N/A          9%          4    ####...


Dungeon Overview and Level Annotations

Branches:
Dungeon (5/15)
 Temple: D:4-7

Altars:
Elyvilon


Innate Abilities, Weirdness & Mutations

You have a pair of small antennae on your head.


Message History

Casting: Pain (safe; 1% risk of failure)
Confirm with . or Enter, or press ? or * to list all spells.
Aiming: Pain (safe; 1% risk of failure)
Press: ? - help, Shift-Dir - straight line, f/p - hound
Aim: a hound (heavily wounded, chance to defeat MR: 89%)
The hound writhes in agony!
You kill the hound!
The quokka misses you.
The orc hits you from afar with a trident.
* * * LOW HITPOINT WARNING * * *
Casting: Pain (safe; 1% risk of failure)
Confirm with . or Enter, or press ? or * to list all spells.
You miscast Animate Dead.
You are very lightly contaminated with residual magic.
Strange energies run through your body.
The goblin shouts!
You hear a shout! x3
The quokka bites you.
* * * LOW HITPOINT WARNING * * *
The orc hits you from afar with a trident!
You die...

≈≈≈≈≈≈≈≈≈≈≈≈≈≈≈≈
.≈≈≈.≈.≈≈≈.≈≈≈≈≈≈≈.≈.g
.....................
...................s
.##...........##...# .#
###..........###...# #...
......#####....#...##.....
......# ...##.....#.....
......# ###..##@.........#
......####.#..##Or##.......
........# #...##o.#........
. ..###...###..............#
.. .##
##...#.............###...
.## ##[...............##....
..# ##.....>...............
...# #.....................
#....#.................##...


You could see an ogre, an orc, a quokka, a giant cockroach and a goblin.

Vanquished Creatures
  An ogre (D:4)
  A crimson imp (D:5)
  2 hounds
  Jessica (D:3)
  Terence (D:3)
  2 worker ants (D:4)
  Natasha (D:3)
  5 adders
  A shadow imp (D:5)
  4 worms
  2 dart slugs
  10 orcs
  8 giant cockroaches
  3 goblins
  6 hobgoblins
  14 jackals
  5 kobolds
  5 quokkas
  6 bats
  4 frilled lizards
  4 rats
86 creatures vanquished.

Vanquished Creatures (collateral kills)
  An adder (D:3)
  A leopard gecko (D:1)
  An orc (D:3)
  A goblin (D:3)
4 creatures vanquished.

Grand Total: 90 creatures vanquished

Notes
Turn   | Place    | Note
-------+----------+-------------------------------------------
     0 | D:1      | sankara the Demonspawn Necromancer began the quest for the Orb.
     0 | D:1      | Reached XP level 1. HP: 13/13 MP: 3/3
     2 | D:1      | Learned a level 1 spell: Animate Skeleton
   283 | D:1      | Gained mutation: You have a pair of small antennae on your head. [demonic ancestry]
   283 | D:1      | Reached XP level 2. HP: 18/19 MP: 1/5
  1226 | D:1      | Reached skill level 5 in Necromancy
  1226 | D:1      | Reached XP level 3. HP: 23/24 MP: 4/7
  1724 | D:2      | Learned a level 3 spell: Vampiric Draining
  2396 | D:2      | Reached XP level 4. HP: 30/30 MP: 8/8
  2727 | D:3      | Noticed Jessica
  2731 | D:3      | Killed Jessica
  2794 | D:3      | Learned a level 3 spell: Regeneration
  3016 | D:3      | Noticed Terence
  3040 | D:3      | Killed Terence
  3040 | D:3      | Reached XP level 5. HP: 17/35 MP: 0/10
  3388 | D:3      | Reached skill level 6 in Necromancy
  3427 | D:3      | Noticed Natasha
  3782 | D:3      | Killed Natasha
  3789 | D:3      | Learned a level 4 spell: Animate Dead
  3997 | D:3      | Upgraded the game from 0.22-a0-135-g6f012ad to 0.22-a0-136-g83a10e5
  4245 | D:4      | Found a white marble altar of Elyvilon.
  4382 | D:4      | Reached XP level 6. HP: 28/41 MP: 2/12
  5025 | D:5      | Entered Level 5 of the Dungeon
  5481 | D:5      | Reached skill level 7 in Necromancy
  5599 | D:5      | Slain by an orc

Vault maps used:
D:1:      lightli_arrival_boilingwater
D:2:      serial_forest, infiniplex_forest_corner_2,
          infiniplex_forest_lined_room_2, infiniplex_forest_lined_1,
          infiniplex_forest_clump_curved, infiniplex_forest_clump_small,
          infiniplex_forest_lined_room_2, infiniplex_forest_straight_1
D:3:      uniq_natasha, uniq_terence, uniq_jessica
D:4:      kennysheep_little_box, first_ration
D:5:      minmay_goblin_kobold_castle, uniq_edmund, uniq_eustachio

Skill      XL: |  1  2  3  4  5  6 |
---------------+-------------------+-----
Necromancy     | 5 6 7 |  7.1
Spellcasting   | 3 4 |  4.9
Dodging        | |  1.7
Stealth        | |  1.7

Action                   |  1- 3 |  4- 6 || total
-------------------------+-------+-------++-------
Melee: Unarmed           |     9 |       ||     9
       Dagger            |    24 |    14 ||    38
       Short sword       |       |   323 ||   323
 Fire: Hunting sling     |    29 |    38 ||    67
Throw: Tomahawk          |       |     9 ||     9
 Cast: Pain              |    60 |    62 ||   122
       Animate Skeleton  |    17 |     9 ||    26
       Regeneration      |       |    14 ||    14
       Animate Dead      |       |     6 ||     6
       Vampiric Draining |       |     2 ||     2
 Stab: Sleeping          |     1 |       ||     1
  Eat: Chunk             |     5 |     9 ||    14
       Ration            |       |     3 ||     3
Armor: Robe              |     4 |    84 ||    88
Dodge: Dodged            |    59 |   233 ||   292

Table legend:
 A = Spawn XP
 B = Non-spawn XP
 C = Spawn XP percentage of total XP
 D = Spawn monster count
 E = Non-spawn monster count
 F = Spawn count percentage of total count
 G = Total turns spent on level
                    A         B        C        D         E        F      G
               +---------+---------+-------+---------+---------+-------+---------
         Total |       0 |     654 |   0.0 |       0 |      90 |   0.0 |  5599
               +---------+---------+-------+---------+---------+-------+---------
           D:1 |       0 |      44 |   0.0 |       0 |      24 |   0.0 |  1449
           D:2 |       0 |      56 |   0.0 |       0 |      25 |   0.0 |  1336
           D:3 |       0 |     204 |   0.0 |       0 |      23 |   0.0 |  1322
           D:4 |       0 |     242 |   0.0 |       0 |      13 |   0.0 |  1025
           D:5 |       0 |     108 |   0.0 |       0 |       5 |   0.0 |   467
               +---------+---------+-------+---------+---------+-------+---------
